 Dungeon Crawl Stone Soup version 0.19.5 (webtiles) character file.

114 JeffiDaFish the Grave Robber (level 4, -5/24 HPs)
             Began as a Deep Elf Necromancer on Mar 7, 2017.
             Killed by nerve-wracking pain
             ... invoked by JeffiDaFish's ghost
              (9 damage)
             ... on level 3 of the Dungeon.
             The game lasted 00:11:48 (2575 turns).

JeffiDaFish the Grave Robber (Deep Elf Necromancer) Turns: 2575, Time: 00:11:49

Health: -5/24      AC:  3    Str:  5    XL:     4   Next: 67%
Magic:  12/12      EV: 12    Int: 20    God:
Gold:   186        SH:  0    Dex: 16    Spells: 2 memorised, 10 levels left

rFire  . . .     SeeInvis .     e - +0 short sword
rCold  . . .     Gourm    .     f - +0 leather armour
rNeg   . . .     Faith    .     (no shield)
rPois  .         Spirit   .     (no helmet)
rElec  .         Reflect  .     (no cloak)
rCorr  .         Harm     .     (no gloves)
MR     .....                    (no boots)
Stlth  ++........               a - amulet of regeneration
                                (no ring)
                                (no ring)

@: no status effects
A: no striking features
a: no special abilities


You were on level 3 of the Dungeon.
You were not hungry.

You visited 1 branch of the dungeon, and saw 3 of its levels.

You collected 186 gold pieces.

Inventory:

Hand Weapons
 e - a +0 short sword (weapon)
Armour
 f - a +0 leather armour (worn)
Jewellery
 a - an amulet of regeneration (around neck)
Scrolls
 k - a scroll of identify
 l - a scroll of blinking
Books
 b - a book of Necromancy

   Spells                             Type                      Level
   a - Pain                           Necromancy                   1
   b - Animate Skeleton               Necromancy                   1
   c - Vampiric Draining              Necromancy                   3
   d - Regeneration                   Charms/Necromancy            3
   e - Animate Dead                   Necromancy                   4
   f - Control Undead                 Necromancy                   4
Comestibles
 c - 4 bread rations
 d - 6 fruits
 g - a beef jerky
 h - a royal jelly
 i - a meat ration
 j - a chunk of flesh


   Skills:
 + Level 0.1 Fighting
 + Level 0.4 Short Blades
 + Level 0.5 Armour
 + Level 2.8 Dodging
 + Level 2.6 Stealth
 + Level 4.6 Spellcasting
 + Level 6.0 Necromancy


You had 10 spell levels left.
You knew the following spells:

 Your Spells              Type           Power        Failure   Level  Hunger
a - Pain                  Necr           ####         1%          1    None
b - Animate Skeleton      Necr           N/A          1%          1    None


Dungeon Overview and Level Annotations

Branches:
Dungeon (3/15)

Altars:
Fedhas
The Shining One

Annotations:
D:3 JeffiDaFish's ghost, weakling DENe


Message History

JeffiDaFish's ghost closely misses you.
You hit JeffiDaFish's ghost but do no damage.
JeffiDaFish's ghost is moderately damaged.
JeffiDaFish's ghost hits you.
You hit JeffiDaFish's ghost but do no damage.
JeffiDaFish's ghost is moderately damaged.
JeffiDaFish's ghost hits you.
You hit JeffiDaFish's ghost.
JeffiDaFish's ghost is heavily damaged.
JeffiDaFish's ghost hits you.
* * * LOW HITPOINT WARNING * * *
You closely miss JeffiDaFish's ghost.
JeffiDaFish's ghost is heavily damaged.
JeffiDaFish's ghost hits you.
* * * LOW HITPOINT WARNING * * *
You hit JeffiDaFish's ghost.
JeffiDaFish's ghost is heavily damaged.
JeffiDaFish's ghost gestures at you while chanting.
Pain shoots through your body!
You die...

### #.. #.#
###.####
#......#
####.#.##.###.#
#............#
#...##@#......#.
# #W#.####.#
#.#.# ..#.#
#....#
###.####.##
#....# #.<......
#....# #.####.##
# ##....# #<# ..
.....# #.#


You could see JeffiDaFish's ghost.

Vanquished Creatures
  6 adders
  A worm (D:2)
  A dart slug (D:2)
  A leopard gecko (D:2)
  4 orcs (D:3)
  3 giant cockroaches
  2 goblins (D:1)
  6 hobgoblins
  8 jackals
  2 quokkas (D:2)
  A ball python (D:1)
  6 bats
  4 frilled lizards
  3 kobolds
  5 rats
53 creatures vanquished.

Notes
Turn   | Place    | Note
-------+----------+-------------------------------------------
     0 | D:1      | JeffiDaFish the Deep Elf Necromancer began the quest for the Orb.
     0 | D:1      | Reached XP level 1. HP: 10/10 MP: 6/6
   170 | D:1      | Reached skill level 5 in Necromancy
   222 | D:1      | Reached XP level 2. HP: 11/15 MP: 5/8
   497 | D:1      | Learned a level 1 spell: Animate Skeleton
   621 | D:1      | Reached XP level 3. HP: 18/19 MP: 7/10
  1736 | D:2      | Reached XP level 4. HP: 16/24 MP: 7/12
  2201 | D:2      | Found a glowing golden altar of the Shining One.
  2256 | D:2      | Reached skill level 6 in Necromancy
  2400 | D:3      | Found a blossoming altar of Fedhas.
  2561 | D:3      | Noticed JeffiDaFish's ghost (weakling DENe)
  2575 | D:3      | Killed from afar by JeffiDaFish's ghost

Skill      XL: |  1  2  3  4 |
---------------+-------------+-----
Necromancy     | 5 6 |  6.0
Spellcasting   | 4 |  4.6
Fighting       | |  0.1
Short Blades   | |  0.4
Armour         | |  0.5
Dodging        | |  2.8
Stealth        | |  2.6

Action                   |  1- 3 |  4- 6 || total
-------------------------+-------+-------++-------
Melee: Short sword       |    26 |    56 ||    82
 Cast: Pain              |    60 |    21 ||    81
       Animate Skeleton  |     6 |     4 ||    10
  Use: Scroll            |     5 |     1 ||     6
       Potion            |     4 |     3 ||     7
 Stab: Sleeping          |     1 |     1 ||     2
       Distracted        |       |     2 ||     2
  Eat: Chunk             |     2 |     3 ||     5
Armor: Leather armour    |    11 |    15 ||    26
Dodge: Dodged            |    30 |    33 ||    63
